 Dungeon Crawl Stone Soup version 0.25-a0-785-gb22c70e859 (webtiles) character file.

Game seed: 435488238839356939, levelgen mode: deterministic

25 kae the Ruffian (level 2, 0/23 HPs)
             Began as a Draconian Transmuter on Apr 17, 2020.
             Succumbed to an adder's poison
             ... on level 1 of the Dungeon.
             The game lasted 00:00:57 (739 turns).

kae the Ruffian (Draconian Transmuter)               Turns: 739, Time: 00:00:58

Health: 0/23       AC:  4    Str: 12    XL:     2   Next: 86%
Magic:  2/5        EV: 12    Int: 13    God:
Gold:   41         SH:  0    Dex: 11    Spells: 2/5 levels left

rFire    . . .     SeeInvis .     - Unarmed
rCold    . . .     Gourm    .   (no shield)
rNeg     . . .     Faith    .   (armour unavailable)
rPois    .         Spirit   .   (helmet restricted)
rElec    .         Reflect  .   (no cloak)
rCorr    .         Harm     .   (no gloves)
MR       .....                  (no boots)
Stlth    +.........             (no amulet)
HPRegen  0.07/turn              (no ring)
MPRegen  0.09/turn              (no ring)

@: lethally poisoned (0 -> -4)
A: unfitting armour, cold-blooded, AC +4
a: no special abilities


You were on level 1 of the Dungeon.
You were not hungry.

You visited 1 branch of the dungeon, and saw 2 of its levels.

You collected 41 gold pieces.

Inventory:

Missiles
 a - 30 arrows
Jewellery
 d - a +2 ring of protection
Scrolls
 b - a scroll of remove curse
 e - 4 scrolls of identify
 f - a scroll of fear
Comestibles
 c - 3 rations


   Skills:
 - Level 1.1 Fighting
 - Level 1.7 Dodging
 * Level 3.6 Unarmed Combat
 + Level 2.3 Spellcasting
 + Level 2.3 Transmutations


You had 2 spell levels left.
You knew the following spells:

 Your Spells              Type           Power        Failure   Level  Hunger
a - Beastly Appendage     Tmut           #.....       10%         1    #......
b - Sticks to Snakes      Tmut           #.......     14%         2    ###....

Your spell library contained the following spells:

 Spells                   Type           Power        Failure   Level  Hunger
 Spider Form              Tmut/Pois      #.........   41%         3    ###....
 Ice Form                 Ice/Tmut       #.......     83%         4    #####..
 Blade Hands              Tmut           #.........   95%         5    ######.


Dungeon Overview and Level Annotations

Branches:
Dungeon (2/15)

Altars:


Innate Abilities, Weirdness & Mutations

Your plain brown scales are hard. (AC +4)
You cannot fit into any form of body armour.
You are cold-blooded and may be slowed by cold attacks.


Message History

Confirm with . or Enter, or press ? or * to list all spells.
You don't have enough magic to cast that spell.
Casting: Sticks to Snakes (safe; 14% risk of failure)
Confirm with . or Enter, or press ? or * to list all spells.
You don't have enough magic to cast that spell.
Casting: Sticks to Snakes (safe; 14% risk of failure)
Confirm with . or Enter, or press ? or * to list all spells.
You don't have enough magic to cast that spell.
There is a lethal amount of poison in your body!
* * * LOW HITPOINT WARNING * * *
You feel sick.
Your talons disappear.
* * * LOW HITPOINT WARNING * * *
You feel sick.
* * * LOW HITPOINT WARNING * * *
You feel sick.
There is a lethal amount of poison in your body!
* * * LOW HITPOINT WARNING * * *
You feel sick.
You die...

.......## ........#
........# ####
........##########..#
....................#
........###########.#
........## ####.#####
.........#######........#
.......)((((....@.......#
........#####..SS>......#
........# #...........#
........# #...........#
........#####...........#
........................#
####..#.###.............#
.......................##
.......................#


You could see 2 friendly ball pythons.

Vanquished Creatures
  An adder (D:1)
  3 bats (D:1)
  2 giant cockroaches (D:1)
  A goblin (D:1)
  2 hobgoblins (D:1)
  2 frilled lizards (D:1)
  3 kobolds (D:1)
  2 rats (D:1)
16 creatures vanquished.

Notes
Turn   | Place    | Note
-------+----------+-------------------------------------------
     0 | D:1      | kae the Draconian Transmuter began the quest for the Orb.
     0 | D:1      | Reached XP level 1. HP: 16/16 MP: 3/3
   389 | D:1      | Reached XP level 2. HP: 20/23 MP: 3/5
   396 | D:1      | Learned a level 2 spell: Sticks to Snakes
   707 | D:2      | Noticed an ogre
   732 | D:1      | HP: 1/23 [poisoned by an adder]
   739 | D:1      | Succumbed to an adder's poison

Levels and vault maps discovered:
D:1:      dpeg_arrival_three_same_balls, layout_rooms
D:2:      layout_loops_ring, chequers_ecumenical_altar_simple_redux,
          minmay_misc_feat_diagonals

Action                   || total
-------------------------++-------
Melee: Unarmed           ||    49
       Kick              ||     4
       Tailslap          ||     3
       Headbutt          ||     1
 Cast: Beastly Appendage ||     9
       Sticks to Snakes  ||     2
  Use: Potion            ||     1
       Scroll            ||     3
Armor: Skin              ||    23
Dodge: Dodged            ||    50

Table legend:
 A = Non-vault XP
 B = Vault XP
 C = Vault XP percentage of total XP
 D = Non-vault monster count
 E = Vault monster count
 F = Vault count percentage of total count
                 A         B        C        D         E       F
            +---------+---------+-------+---------+---------+-------
      Total |      37 |       0 |   0.0 |      16 |       0 |   0.0
            +---------+---------+-------+---------+---------+-------
        D:1 |      37 |       0 |   0.0 |      16 |       0 |   0.0
            +---------+---------+-------+---------+---------+-------
